Jets vs Stars

Created - 14 mai 2013 at 19:10

Goals
1 2 3 T
Jets 1 0 1 2
Stars 1 0 0 1
Shots
1 2 3 T
Jets 20 8 9 37
Stars 7 14 9 30

1st period

1. Jets , Jussi Jokinen 23 (Niklas Kronwall, Colin White) at 1:00
2. Stars , Braydon Coburn 1 (Patrik Elias, Mike Modano) at 1:53 (PP)

Penalties :
David Vyborny (Win) for Hooking (Minor) at 1:17

2nd period

No Goal

Penalties :
Benoit Pouliot (Win) for Boarding (Minor) at 11:56, Mike Leclerc (Win) for Interference (Minor) at 19:52

3rd period

3. Jets , Adam Burish 16 (Niklas Kronwall) at 17:51

Penalties :
Steve Rucchin (Dal) for High sticking (Minor) at 12:23

Goalie Stats

Ilya Bryzgalov (Win), 29 saves from 30 shots - (0,967), W, 7-10-4, 60:00 minutes
Pascal Leclaire (Dal), 35 saves from 37 shots - (0,946), L, 31-21-8, 59:07 minutes

Players Stats for Jets

Player Name              G  A  P  +/- PIM S  H  SB GA TA FO     MP     PP MP  PK MP  
------------------------------------------------------------------------------------
Adam Burish              1  0  1   1  0   3  3  1  0  1  0/2    20:35   0:00   2:36 
Benoit Pouliot           0  0  0   0  2   2  0  0  1  0  1/1    16:06   1:06   0:18 
Bryce Salvador           0  0  0   0  0   2  1  0  1  3  0/0    24:02   0:00   2:59 
Colin White              0  1  1   2  0   3  1  1  0  0  0/0    14:54   0:00   1:35 
Darroll Powe             0  0  0   1  0   3  3  0  0  0  3/7    12:03   0:00   0:51 
David Vyborny            0  0  0   0  2   2  2  1  1  0  0/0     9:26   0:00   0:00 
Dmitri Kalinin           0  0  0   0  0   1  2  1  0  2  0/0    28:22   0:51   2:59 
Jason Allison            0  0  0   0  0   5  3  0  0  0  8/17   15:42   1:06   0:00 
Jason Arnott             0  0  0   1  0   1  2  1  1  0  17/31  21:32   0:53   2:36 
Jeff Schultz             0  0  0   0  0   1  1  1  0  1  0/0    21:29   1:08   1:35 
Jussi Jokinen            1  0  1   1  0   2  2  0  0  0  0/1    11:37   0:00   0:33 
Keith Tkachuk            0  0  0   1  0   3  1  3  2  1  1/1    20:44   0:53   1:07 
Martin Erat              0  0  0   1  0   2  1  0  0  0  0/0    12:00   0:53   0:00 
Mike Leclerc             0  0  0   0  2   0  2  0  0  1  0/0     9:50   0:00   0:00 
Niklas Kronwall          0  2  2   2  0   2  3  0  0  0  0/0    13:54   0:51   0:00 
Pavel Kubina             0  0  0   0  0   1  0  0  0  0  0/0    16:09   1:08   0:00 
Shane Doan               0  0  0   0  0   3  0  0  0  0  0/1    15:47   1:06   0:00 
Tuomo Ruutu              0  0  0   0  0   1  2  1  0  0  1/5    11:11   0:00   1:07 

Players Stats for Stars

Player Name              G  A  P  +/- PIM S  H  SB GA TA FO     MP     PP MP  PK MP  
------------------------------------------------------------------------------------
Alexei Morozov           0  0  0  -1  0   5  2  1  1  0  1/1    21:38   2:45   0:22 
Braydon Coburn           1  0  1  -1  0   3  0  5  0  1  0/0    26:52   2:47   1:04 
Brendan Bell             0  0  0   0  0   0  2  0  0  2  0/0    18:13   1:47   0:00 
Cory Stillman            0  0  0  -1  0   1  2  0  0  0  0/1    22:09   2:45   0:58 
David Legwand            0  0  0  -1  0   2  3  1  1  0  15/30  21:50   2:45   0:48 
Evgeny Artyukhin         0  0  0   0  0   2  0  0  0  0  0/0     8:20   0:00   0:00 
Glen Metropolit          0  0  0   0  0   1  0  0  0  1  0/2     8:33   0:00   0:13 
Jan Hlavac               0  0  0   0  0   0  1  1  1  0  0/0     8:59   0:00   0:39 
Marcus Nilson            0  0  0  -1  0   1  1  2  0  0  0/0     9:58   0:00   0:00 
Mathieu Schneider        0  0  0  -1  0   2  2  1  2  1  0/0    26:54   2:47   0:55 
Matthew Spiller          0  0  0   0  0   0  2  2  0  0  0/0    19:17   1:47   1:04 
Mike Modano              0  1  1   0  0   2  2  1  0  0  14/23  19:39   1:49   0:58 
Milan Hejduk             0  0  0   0  0   2  2  1  1  0  0/0    18:41   1:49   0:00 
Patrik Elias             0  1  1   0  0   4  1  0  3  0  0/1    18:41   1:49   0:00 
Pierre Dagenais          0  0  0  -1  0   1  2  1  0  0  0/0     9:58   0:00   0:00 
Randy Jones              0  0  0  -1  0   1  0  1  0  0  0/0    13:35   0:00   0:00 
Steve Rucchin            0  0  0  -1  2   1  4  0  0  0  5/8    10:02   0:00   0:00 
Tim Ramholt              0  0  0  -1  0   2  0  3  0  1  0/0    14:41   0:00   0:55 

3 Stars

1 - Ilya Bryzgalov (Win)
2 - Niklas Kronwall (Win)
3 - Adam Burish (Win)

Power Play

Jets - 0 on 1 Attempt(s) - 0,00%
Stars - 1 on 3 Attempt(s) - 33,33%

Penalty Kill

Jets - 2 on 3 Attempt(s) - 66,67% - Score 0 goal in Penalty Kill
Stars - 1 on 1 Attempt(s) - 100,00% - Score 0 goal in Penalty Kill

Official

Referees : O'Halloran Dan and StPierre Justin
Linesman : Brian Murphy and Mark Shewchyk

Game Notes

No Game Note

Finance

Level 1 -- Attendance: 4015 (66,92%) -- Ticket Income 401 500 $
Level 2 -- Attendance: 3519 (70,38%) -- Ticket Income 211 140 $
Level 3 -- Attendance: 1381 (69,05%) -- Ticket Income 48 335 $
Level 4 -- Attendance: 2816 (70,40%) -- Ticket Income 56 320 $
Luxury Box -- Attendance: 677 (67,70%) -- Ticket Income 135 400 $
Game was played at the American Airlines Center
Total Attendance: 12408 (68,93%)
Total Ticket Income: 852 695 $
Other Income: 42 635 $
Total Income: 895 330 $

Jets

5 vs 5 Forward 
   Center                   Left Wing                Right Wing               Time % Phy DF OF 
 1 Jason Arnott             Keith Tkachuk            Adam Burish              35     1   2  2  
 2 Jason Allison            Benoit Pouliot           Shane Doan               34     1   1  3  
 3 Darroll Powe             Jussi Jokinen            Martin Erat              20     1   1  3  
 4 Tuomo Ruutu              Mike Leclerc             David Vyborny            11     1   2  2  

5 vs 5 Defense 
   Defense                  Defense                                           Time % Phy DF OF 
 1 Bryce Salvador           Dmitri Kalinin                                    40     2   2  1  
 2 Pavel Kubina             Jeff Schultz                                      30     2   2  1  
 3 Colin White              Niklas Kronwall                                   20     1   2  2  
 4 Jeff Schultz             Dmitri Kalinin                                    10     2   2  1  

PowerPlay Forward 
   Center                   Left Wing                Right Wing               Time % Phy DF OF 
 1 Jason Allison            Benoit Pouliot           Shane Doan               60     1   0  4  
 2 Jason Arnott             Keith Tkachuk            Martin Erat              40     1   0  4  

PowerPlay Defense
   Defense                  Defense                                           Time % Phy DF OF 
 1 Dmitri Kalinin           Niklas Kronwall                                   60     0   1  4  
 2 Pavel Kubina             Jeff Schultz                                      40     0   2  3  

Penalty Kill 4 Players Forward 
   Center                   Wing                     Time % Phy DF OF 
 1 Jason Arnott             Adam Burish              60     0   4  1  
 2 Tuomo Ruutu              Keith Tkachuk            40     0   4  1  

Penalty Kill 4 Players Defense
   Defense                  Defense                  Time % Phy DF OF 
 1 Dmitri Kalinin           Bryce Salvador           60     1   4  0  
 2 Colin White              Jeff Schultz             40     1   4  0  

Penalty Kill - 3 Players Forward 
   Forward                                           Time % Phy DF OF 
 1 Keith Tkachuk                                     60     0   4  1  
 2 Jason Arnott                                      40     0   4  1  

Penalty Kill - 3 Players Defense
   Defense                  Defense                  Time % Phy DF OF 
 1 Dmitri Kalinin           Bryce Salvador           60     1   2  2  
 2 Colin White              Jeff Schultz             40     1   2  2  

4 vs 4 Forward 
   Center                   Wing                     Time % Phy DF OF 
 1 Jason Allison            Shane Doan               60     1   2  2  
 2 Jason Arnott             Benoit Pouliot           40     1   2  2  

4 vs 4 Defense
   Defense                  Defense                  Time % Phy DF OF 
 1 Dmitri Kalinin           Jeff Schultz             60     1   2  2  
 2 Niklas Kronwall          Bryce Salvador           40     1   2  2  

Last Minutes Offensive
   Center                   Left Wing                Right Wing               Defense                  Defense                  
   Jason Allison            Benoit Pouliot           Shane Doan               Pavel Kubina             Dmitri Kalinin           

Last Minutes Defensive
   Center                   Left Wing                Right Wing               Defense                  Defense                  
   Jason Arnott             Adam Burish              Keith Tkachuk            Bryce Salvador           Dmitri Kalinin           

Goaltenders
Starting : Ilya Bryzgalov           
Backup : Maxime Daigneault        

Extra Forwards
Normal : Jussi Jokinen, Benoit Pouliot, Keith Tkachuk - PP : Shane Doan, Benoit Pouliot - PK : Darroll Powe
Extra Defensemen
Normal : Colin White, Jeff Schultz, Dmitri Kalinin - PP : Niklas Kronwall - PK : Bryce Salvador, Dmitri Kalinin
Penalty Shots
Jason Arnott, Benoit Pouliot, Keith Tkachuk, Shane Doan, Jason Allison

Stars

5 vs 5 Forward 
   Center                   Left Wing                Right Wing               Time % Phy DF OF 
 1 David Legwand            Cory Stillman            Alexei Morozov           40     0   2  3  
 2 Mike Modano              Patrik Elias             Milan Hejduk             40     0   2  3  
 3 Steve Rucchin            Marcus Nilson            Pierre Dagenais          12     1   2  2  
 4 Glen Metropolit          Jan Hlavac               Evgeny Artyukhin         8      1   2  2  

5 vs 5 Defense 
   Defense                  Defense                                           Time % Phy DF OF 
 1 Mathieu Schneider        Braydon Coburn                                    40     1   2  2  
 2 Brendan Bell             Matthew Spiller                                   30     1   2  2  
 3 Randy Jones              Tim Ramholt                                       20     1   2  2  
 4 Mathieu Schneider        Braydon Coburn                                    10     1   2  2  

PowerPlay Forward 
   Center                   Left Wing                Right Wing               Time % Phy DF OF 
 1 David Legwand            Cory Stillman            Alexei Morozov           60     0   1  4  
 2 Mike Modano              Patrik Elias             Milan Hejduk             40     0   1  4  

PowerPlay Defense
   Defense                  Defense                                           Time % Phy DF OF 
 1 Mathieu Schneider        Braydon Coburn                                    60     0   2  3  
 2 Matthew Spiller          Brendan Bell                                      40     1   2  2  

Penalty Kill 4 Players Forward 
   Center                   Wing                     Time % Phy DF OF 
 1 Mike Modano              Cory Stillman            60     1   3  1  
 2 Steve Rucchin            Alexei Morozov           40     1   3  1  

Penalty Kill 4 Players Defense
   Defense                  Defense                  Time % Phy DF OF 
 1 Braydon Coburn           Matthew Spiller          60     1   3  1  
 2 Mathieu Schneider        Tim Ramholt              40     1   3  1  

Penalty Kill - 3 Players Forward 
   Forward                                           Time % Phy DF OF 
 1 Mike Modano                                       60     1   4  0  
 2 Steve Rucchin                                     40     1   4  0  

Penalty Kill - 3 Players Defense
   Defense                  Defense                  Time % Phy DF OF 
 1 Braydon Coburn           Matthew Spiller          60     1   4  0  
 2 Mathieu Schneider        Tim Ramholt              40     1   4  0  

4 vs 4 Forward 
   Center                   Wing                     Time % Phy DF OF 
 1 David Legwand            Alexei Morozov           60     0   2  3  
 2 Mike Modano              Patrik Elias             40     0   2  3  

4 vs 4 Defense
   Defense                  Defense                  Time % Phy DF OF 
 1 Mathieu Schneider        Braydon Coburn           60     0   2  3  
 2 Matthew Spiller          Brendan Bell             40     0   3  2  

Last Minutes Offensive
   Center                   Left Wing                Right Wing               Defense                  Defense                  
   David Legwand            Cory Stillman            Alexei Morozov           Mathieu Schneider        Braydon Coburn           

Last Minutes Defensive
   Center                   Left Wing                Right Wing               Defense                  Defense                  
   Mike Modano              Cory Stillman            Alexei Morozov           Braydon Coburn           Matthew Spiller          

Goaltenders
Starting : Pascal Leclaire          
Backup : Chris Osgood             

Extra Forwards
Normal : Steve Rucchin, Glen Metropolit, Patrik Elias - PP : Steve Rucchin, Pierre Dagenais - PK : David Legwand
Extra Defensemen
Normal : Randy Jones, Tim Ramholt, Matthew Spiller - PP : Randy Jones - PK : Brendan Bell, Randy Jones
Penalty Shots
Mike Modano, Alexei Morozov, Milan Hejduk, Cory Stillman, Steve Rucchin

% Time on Ice - Jets

Lines # - Real PCT - Wanted PCT - Time Play
Normal Forward
1 - 32% - 35% - 16:52
2 - 29% - 34% - 15:14
3 - 21% - 20% - 10:57
4 - 18% - 11% - 9:10
Normal Defense
1 - 39% - 40% - 20:12
2 - 29% - 30% - 15:10
3 - 26% - 20% - 13:30
4 - 6% - 10% - 3:21
PP Forward
1 - 55% - 60% - 1:06
2 - 45% - 40% - 0:53
PP Defense
1 - 43% - 60% - 0:51
2 - 57% - 40% - 1:08
PK Forward
1 - 76% - 60% - 3:27
2 - 24% - 40% - 1:07
PK Defense
1 - 65% - 60% - 2:59
2 - 35% - 40% - 1:35
PK3 Forward
1 - 0% - 60%
2 - 0% - 40%
PK3 Defense
1 - 0% - 60%
2 - 0% - 40%
44 Forward
1 - 0% - 60%
2 - 0% - 40%
44 Defense
1 - 0% - 60%
2 - 0% - 40%
Last Minute Offensive  - 0:00
Last Minute Defensive  - 1:14
Total
Forward - 60:00
Defense - 60:00

% Time on Ice - Stars

Lines # - Real PCT - Wanted PCT - Time Play
Normal Forward
1 - 32% - 40% - 16:57
2 - 32% - 40% - 16:57
3 - 19% - 12% - 9:58
4 - 16% - 8% - 8:20
Normal Defense
1 - 35% - 40% - 18:24
2 - 32% - 30% - 16:37
3 - 25% - 20% - 12:50
4 - 8% - 10% - 4:21
PP Forward
1 - 60% - 60% - 2:45
2 - 40% - 40% - 1:49
PP Defense
1 - 61% - 60% - 2:47
2 - 39% - 40% - 1:47
PK Forward
1 - 82% - 60% - 1:37
2 - 18% - 40% - 0:22
PK Defense
1 - 54% - 60% - 1:04
2 - 46% - 40% - 0:55
PK3 Forward
1 - 0% - 60%
2 - 0% - 40%
PK3 Defense
1 - 0% - 60%
2 - 0% - 40%
44 Forward
1 - 0% - 60%
2 - 0% - 40%
44 Defense
1 - 0% - 60%
2 - 0% - 40%
Last Minute Offensive  - 1:15
Last Minute Defensive  - 0:00
Total
Forward - 60:00
Defense - 60:00

Play by Play

1st period


0:01 of 1st period - David Legwand wins face-off versus Jason Arnott in neutral zone.
0:28 of 1st period - Icing by Bryce Salvador.
0:29 of 1st period - Mike Modano wins face-off versus Shane Doan in Jets zone.
0:48 of 1st period - Wrist shot by Benoit Pouliot.
0:48 of 1st period - Deflect By Jason Allison.
0:48 of 1st period - Shot Misses the Net.
0:48 of 1st period - Puck is out of play.
0:49 of 1st period - Steve Rucchin wins face-off versus Jussi Jokinen in Stars zone.
1:00 of 1st period - Wrist shot by Jussi Jokinen.
1:00 of 1st period - Goal by Jussi Jokinen - Jets : 1 - Stars : 0.
1:01 of 1st period - Tuomo Ruutu wins face-off versus Glen Metropolit in neutral zone.
1:17 of 1st period - Minor Penalty to David Vyborny for Hooking.
1:18 of 1st period - Jason Arnott wins face-off versus David Legwand in Jets zone.
1:51 of 1st period - Wrist shot by Mike Modano.
1:51 of 1st period - Deflect By Patrik Elias.
1:51 of 1st period - Stopped by Ilya Bryzgalov with a rebound.
1:53 of 1st period - Snap shot by Braydon Coburn.
1:53 of 1st period - Goal by Braydon Coburn - Jets : 1 - Stars : 1.
1:54 of 1st period - Alexei Morozov wins face-off versus Jason Arnott in neutral zone.
2:02 of 1st period - Snap shot by David Legwand.
2:02 of 1st period - Shot Misses the Net.
2:17 of 1st period - Cory Stillman is hit by Jason Arnott and loses puck.
2:26 of 1st period - Snap shot by David Legwand.
2:26 of 1st period - Shot Misses the Net.
2:28 of 1st period - Snap shot by Alexei Morozov.
2:28 of 1st period - Shot Misses the Net.
2:30 of 1st period - Snap shot by Alexei Morozov.
2:30 of 1st period - Stopped by Ilya Bryzgalov without a rebound.
2:31 of 1st period - Jason Allison wins face-off versus Mike Modano in Jets zone.
2:41 of 1st period - Milan Hejduk is hit by Jason Allison and loses puck.
2:58 of 1st period - Brendan Bell is hit by Darroll Powe and loses puck.
3:03 of 1st period - Wrist shot by Jussi Jokinen.
3:03 of 1st period - Shot Blocked by Marcus Nilson.
3:05 of 1st period - Slapshot by Colin White.
3:05 of 1st period - Shot Blocked by Matthew Spiller.
3:07 of 1st period - Slapshot by Colin White.
3:07 of 1st period - Deflect By Jussi Jokinen.
3:07 of 1st period - Shot Misses the Net.
3:07 of 1st period - Puck is out of play.
3:08 of 1st period - Darroll Powe wins face-off versus David Legwand in Stars zone.
3:09 of 1st period - Slapshot by Jussi Jokinen.
3:09 of 1st period - Shot Misses the Net.
3:11 of 1st period - Slapshot by Colin White.
3:11 of 1st period - Shot Misses the Net.
3:13 of 1st period - Wrist shot by Darroll Powe.
3:13 of 1st period - Stopped by Pascal Leclaire without a rebound.
3:14 of 1st period - David Legwand wins face-off versus Darroll Powe in Stars zone.
4:14 of 1st period - Wrist shot by Darroll Powe.
4:14 of 1st period - Stopped by Pascal Leclaire with a rebound.
4:16 of 1st period - Slapshot by Darroll Powe.
4:16 of 1st period - Shot Blocked by Braydon Coburn.
4:37 of 1st period - Off-side.
4:38 of 1st period - Mike Modano wins face-off versus Jason Allison in neutral zone.
4:41 of 1st period - Benoit Pouliot is hit by Mike Modano and loses puck.
5:46 of 1st period - Wrist shot by Jason Allison.
5:46 of 1st period - Stopped by Pascal Leclaire with a rebound.
5:48 of 1st period - Slapshot by Jason Allison.
5:48 of 1st period - Shot Misses the Net.
6:32 of 1st period - Mathieu Schneider is hit by Jason Allison and loses puck.
6:49 of 1st period - Adam Burish is hit by Steve Rucchin and loses puck.
7:12 of 1st period - Braydon Coburn is hit by Mike Leclerc and loses puck.
7:22 of 1st period - Icing by Colin White.
7:23 of 1st period - David Legwand wins face-off versus Darroll Powe in Jets zone.
7:36 of 1st period - Cory Stillman is hit by Martin Erat and loses puck.
8:17 of 1st period - Snap shot by Benoit Pouliot.
8:17 of 1st period - Stopped by Pascal Leclaire with a rebound.
9:16 of 1st period - Snap shot by Jason Allison.
9:16 of 1st period - Stopped by Pascal Leclaire without a rebound.
9:17 of 1st period - Mike Modano wins face-off versus Jason Arnott in Stars zone.
9:24 of 1st period - Snap shot by Patrik Elias.
9:24 of 1st period - Stopped by Ilya Bryzgalov with a rebound.
9:51 of 1st period - Wrist shot by Jussi Jokinen.
9:51 of 1st period - Shot Misses the Net.
9:53 of 1st period - Slapshot by Pavel Kubina.
9:53 of 1st period - Shot Misses the Net.
9:55 of 1st period - Slapshot by Jeff Schultz.
9:55 of 1st period - Shot Blocked by Mike Modano.
10:05 of 1st period - Randy Jones is hit by Niklas Kronwall and loses puck.
10:10 of 1st period - Snap shot by David Vyborny.
10:10 of 1st period - Shot Misses the Net.
10:12 of 1st period - Slapshot by Colin White.
10:12 of 1st period - Stopped by Pascal Leclaire without a rebound.
10:13 of 1st period - David Legwand wins face-off versus Jason Arnott in Stars zone.
10:26 of 1st period - Wrist shot by Keith Tkachuk.
10:26 of 1st period - Shot Misses the Net.
10:40 of 1st period - Niklas Kronwall is hit by Pierre Dagenais and loses puck.
11:07 of 1st period - Wrist shot by Jussi Jokinen.
11:07 of 1st period - Deflect By Darroll Powe.
11:07 of 1st period - Stopped by Pascal Leclaire with a rebound.
11:09 of 1st period - Backhand shot by Jussi Jokinen.
11:09 of 1st period - Stopped by Pascal Leclaire with a rebound.
11:39 of 1st period - Slapshot by Tuomo Ruutu.
11:39 of 1st period - Deflect By David Vyborny.
11:39 of 1st period - Stopped by Pascal Leclaire without a rebound.
11:40 of 1st period - David Legwand wins face-off versus Tuomo Ruutu in Stars zone.
11:48 of 1st period - Icing by Jeff Schultz.
11:49 of 1st period - Mike Modano wins face-off versus Tuomo Ruutu in Jets zone.
11:50 of 1st period - Wrist shot by Patrik Elias.
11:50 of 1st period - Shot Blocked by Jeff Schultz.
12:23 of 1st period - Icing by Brendan Bell.
12:24 of 1st period - David Legwand wins face-off versus Jason Arnott in Stars zone.
12:30 of 1st period - Icing by David Legwand.
12:31 of 1st period - Jason Arnott wins face-off versus David Legwand in Stars zone.
12:32 of 1st period - Snap shot by Keith Tkachuk.
12:32 of 1st period - Stopped by Pascal Leclaire without a rebound.
12:33 of 1st period - Jason Arnott wins face-off versus Mike Modano in Stars zone.
12:34 of 1st period - Snap shot by Keith Tkachuk.
12:34 of 1st period - Shot Hit the Post.
13:03 of 1st period - Wrist shot by Benoit Pouliot.
13:03 of 1st period - Stopped by Pascal Leclaire with a rebound.
13:05 of 1st period - Snap shot by Bryce Salvador.
13:05 of 1st period - Stopped by Pascal Leclaire with a rebound.
13:07 of 1st period - Slapshot by Dmitri Kalinin.
13:07 of 1st period - Stopped by Pascal Leclaire with a rebound.
13:09 of 1st period - Slapshot by Bryce Salvador.
13:09 of 1st period - Shot Blocked by Mathieu Schneider.
13:21 of 1st period - Slapshot by Mathieu Schneider.
13:21 of 1st period - Deflect By Pavel Kubina.
13:21 of 1st period - Stopped by Ilya Bryzgalov without a rebound.
13:22 of 1st period - Darroll Powe wins face-off versus Steve Rucchin in Jets zone.
13:39 of 1st period - Wrist shot by Darroll Powe.
13:39 of 1st period - Shot Blocked by Matthew Spiller.
13:41 of 1st period - Wrist shot by Darroll Powe.
13:41 of 1st period - Shot Misses the Net.
13:43 of 1st period - Snap shot by Jeff Schultz.
13:43 of 1st period - Shot Blocked by Marcus Nilson.
13:45 of 1st period - Slapshot by Jeff Schultz.
13:45 of 1st period - Stopped by Pascal Leclaire without a rebound.
13:46 of 1st period - Mike Modano wins face-off versus Jason Arnott in Stars zone.
15:32 of 1st period - Shane Doan is hit by Pierre Dagenais.
15:54 of 1st period - Braydon Coburn is hit by Dmitri Kalinin and loses puck.
16:13 of 1st period - Snap shot by Mike Modano.
16:13 of 1st period - Stopped by Ilya Bryzgalov without a rebound.
16:14 of 1st period - Keith Tkachuk wins face-off versus Mike Modano in Jets zone.
16:19 of 1st period - Snap shot by Keith Tkachuk.
16:19 of 1st period - Shot Misses the Net.
16:21 of 1st period - Slapshot by Dmitri Kalinin.
16:21 of 1st period - Shot Misses the Net.
16:28 of 1st period - Backhand shot by Keith Tkachuk.
16:28 of 1st period - Stopped by Pascal Leclaire without a rebound.
16:29 of 1st period - Jason Allison wins face-off versus David Legwand in Stars zone.
16:38 of 1st period - Snap shot by Shane Doan.
16:38 of 1st period - Stopped by Pascal Leclaire with a rebound.
16:42 of 1st period - Wrist shot by Shane Doan.
16:42 of 1st period - Shot Misses the Net.
16:44 of 1st period - Slapshot by Pavel Kubina.
16:44 of 1st period - Deflect By Benoit Pouliot.
16:44 of 1st period - Shot Blocked by Alexei Morozov.
16:44 of 1st period - Puck is out of play.
16:45 of 1st period - Mike Modano wins face-off versus Jason Arnott in Stars zone.
16:58 of 1st period - Snap shot by Jason Arnott.
16:58 of 1st period - Stopped by Pascal Leclaire without a rebound.
16:59 of 1st period - Jason Allison wins face-off versus David Legwand in Stars zone.
17:02 of 1st period - Snap shot by Jason Allison.
17:02 of 1st period - Stopped by Pascal Leclaire without a rebound.
17:03 of 1st period - Jason Allison wins face-off versus David Legwand in Stars zone.
17:41 of 1st period - Snap shot by Alexei Morozov.
17:41 of 1st period - Stopped by Ilya Bryzgalov without a rebound.
17:42 of 1st period - Jason Arnott wins face-off versus Mike Modano in Jets zone.
17:47 of 1st period - Backhand shot by Keith Tkachuk.
17:47 of 1st period - Shot Blocked by Milan Hejduk.
17:55 of 1st period - Wrist shot by Mike Modano.
17:55 of 1st period - Deflect By Milan Hejduk.
17:55 of 1st period - Shot Misses the Net.
17:55 of 1st period - Puck is out of play.
17:56 of 1st period - Mike Modano wins face-off versus Jason Arnott in Jets zone.
18:23 of 1st period - Bryce Salvador is hit by Alexei Morozov and loses puck.
18:56 of 1st period - Colin White is hit by Steve Rucchin and loses puck.
19:20 of 1st period - Snap shot by Pierre Dagenais.
19:20 of 1st period - Deflect By Adam Burish.
19:20 of 1st period - Shot Blocked by Colin White.
19:20 of 1st period - Puck is out of play.
19:21 of 1st period - Mike Modano wins face-off versus Jason Allison in Jets zone.
19:32 of 1st period - Snap shot by Shane Doan.
19:32 of 1st period - Deflect By Patrik Elias.
19:32 of 1st period - Stopped by Pascal Leclaire with a rebound.
19:46 of 1st period - Alexei Morozov is hit by Jason Arnott and loses puck.

2nd period


0:01 of 2nd period - Jason Arnott wins face-off versus Mike Modano in neutral zone.
0:10 of 2nd period - Braydon Coburn is hit by Adam Burish and loses puck.
1:04 of 2nd period - Slapshot by Tuomo Ruutu.
1:04 of 2nd period - Shot Misses the Net.
1:29 of 2nd period - Keith Tkachuk is hit by Milan Hejduk and loses puck.
2:08 of 2nd period - Darroll Powe is hit by Marcus Nilson and loses puck.
3:07 of 2nd period - Keith Tkachuk is hit by Matthew Spiller and loses puck.
3:16 of 2nd period - Snap shot by Alexei Morozov.
3:16 of 2nd period - Shot Blocked by Keith Tkachuk.
3:36 of 2nd period - Colin White is hit by Steve Rucchin and loses puck.
3:51 of 2nd period - Wrist shot by David Vyborny.
3:51 of 2nd period - Shot Blocked by Braydon Coburn.
3:57 of 2nd period - Colin White is hit by Jan Hlavac and loses puck.
4:10 of 2nd period - Mike Modano is hit by Niklas Kronwall and loses puck.
4:17 of 2nd period - Slapshot by Jason Allison.
4:17 of 2nd period - Stopped by Pascal Leclaire without a rebound.
4:18 of 2nd period - Jason Arnott wins face-off versus David Legwand in Stars zone.
4:27 of 2nd period - Jason Arnott is hit by Mathieu Schneider.
4:31 of 2nd period - Snap shot by Alexei Morozov.
4:31 of 2nd period - Stopped by Ilya Bryzgalov with a rebound.
4:34 of 2nd period - Icing by Jason Arnott.
4:35 of 2nd period - Jason Arnott wins face-off versus Patrik Elias in Jets zone.
5:06 of 2nd period - Snap shot by Keith Tkachuk.
5:06 of 2nd period - Shot Blocked by Randy Jones.
5:08 of 2nd period - Snap shot by Adam Burish.
5:08 of 2nd period - Stopped by Pascal Leclaire without a rebound.
5:09 of 2nd period - David Legwand wins face-off versus Jason Allison in Stars zone.
5:34 of 2nd period - Alexei Morozov is hit by David Vyborny and loses puck.
6:08 of 2nd period - Snap shot by David Legwand.
6:08 of 2nd period - Stopped by Ilya Bryzgalov with a rebound.
6:10 of 2nd period - Slapshot by Braydon Coburn.
6:10 of 2nd period - Stopped by Ilya Bryzgalov without a rebound.
6:11 of 2nd period - Jason Arnott wins face-off versus Mike Modano in Jets zone.
6:11 of 2nd period - Jason Arnott is hit by Mike Modano.
8:27 of 2nd period - Colin White is hit by Alexei Morozov and loses puck.
8:42 of 2nd period - Slapshot by Niklas Kronwall.
8:42 of 2nd period - Stopped by Pascal Leclaire with a rebound.
8:44 of 2nd period - Slapshot by Colin White.
8:44 of 2nd period - Deflect By Keith Tkachuk.
8:44 of 2nd period - Shot Blocked by Braydon Coburn.
8:44 of 2nd period - Puck is out of play.
8:45 of 2nd period - Jason Arnott wins face-off versus Steve Rucchin in Stars zone.
8:46 of 2nd period - Snap shot by Keith Tkachuk.
8:46 of 2nd period - Stopped by Pascal Leclaire without a rebound.
8:47 of 2nd period - Jason Arnott wins face-off versus Mike Modano in Stars zone.
9:27 of 2nd period - Slapshot by Jason Arnott.
9:27 of 2nd period - Shot Misses the Net.
9:29 of 2nd period - Slapshot by Bryce Salvador.
9:29 of 2nd period - Deflect By Jason Arnott.
9:29 of 2nd period - Shot Misses the Net.
9:29 of 2nd period - Puck is out of play.
9:30 of 2nd period - Jason Allison wins face-off versus David Legwand in Stars zone.
9:59 of 2nd period - Off-side.
10:00 of 2nd period - Jason Allison wins face-off versus Steve Rucchin in neutral zone.
10:37 of 2nd period - Icing by Dmitri Kalinin.
10:38 of 2nd period - Jason Arnott wins face-off versus David Legwand in Jets zone.
10:54 of 2nd period - Off-side.
10:55 of 2nd period - Mike Modano wins face-off versus Jason Allison in neutral zone.
11:21 of 2nd period - Jason Arnott is hit by David Legwand and loses puck.
11:40 of 2nd period - Jussi Jokinen is hit by Brendan Bell and loses puck.
11:56 of 2nd period - Minor Penalty to Benoit Pouliot for Boarding.
11:57 of 2nd period - Jason Arnott wins face-off versus Cory Stillman in Jets zone.
12:08 of 2nd period - Slapshot by Cory Stillman.
12:08 of 2nd period - Stopped by Ilya Bryzgalov without a rebound.
12:09 of 2nd period - Jason Arnott wins face-off versus David Legwand in Jets zone.
12:20 of 2nd period - Jason Arnott is hit by David Legwand and loses puck.
13:24 of 2nd period - Brendan Bell is hit by Jussi Jokinen and loses puck.
13:56 of 2nd period - Penalty to Benoit Pouliot is over, Benoit Pouliot is back on ice.
14:30 of 2nd period - Wrist shot by Marcus Nilson.
14:30 of 2nd period - Shot Blocked by Tuomo Ruutu.
14:32 of 2nd period - Snap shot by Marcus Nilson.
14:32 of 2nd period - Stopped by Ilya Bryzgalov with a rebound.
14:34 of 2nd period - Slapshot by Tim Ramholt.
14:34 of 2nd period - Stopped by Ilya Bryzgalov with a rebound.
14:36 of 2nd period - Slapshot by Tim Ramholt.
14:36 of 2nd period - Deflect By Dmitri Kalinin.
14:36 of 2nd period - Stopped by Ilya Bryzgalov with a rebound.
14:38 of 2nd period - Snap shot by Pierre Dagenais.
14:38 of 2nd period - Stopped by Ilya Bryzgalov without a rebound.
14:39 of 2nd period - Steve Rucchin wins face-off versus Jason Allison in Jets zone.
15:02 of 2nd period - Mathieu Schneider is hit by Adam Burish and loses puck.
15:27 of 2nd period - Jussi Jokinen is hit by Brendan Bell and loses puck.
15:46 of 2nd period - Tim Ramholt is hit by Tuomo Ruutu.
15:50 of 2nd period - Snap shot by David Vyborny.
15:50 of 2nd period - Stopped by Pascal Leclaire with a rebound.
16:02 of 2nd period - Snap shot by Steve Rucchin.
16:02 of 2nd period - Stopped by Ilya Bryzgalov without a rebound.
16:03 of 2nd period - Steve Rucchin wins face-off versus Jason Allison in Jets zone.
16:47 of 2nd period - Off-side.
16:48 of 2nd period - Darroll Powe wins face-off versus David Legwand in neutral zone.
17:01 of 2nd period - Wrist shot by Martin Erat.
17:01 of 2nd period - Stopped by Pascal Leclaire with a rebound.
17:17 of 2nd period - Snap shot by Adam Burish.
17:17 of 2nd period - Shot Misses the Net.
17:19 of 2nd period - Slapshot by Bryce Salvador.
17:19 of 2nd period - Stopped by Pascal Leclaire with a rebound.
17:21 of 2nd period - Snap shot by Jason Arnott.
17:21 of 2nd period - Shot Blocked by David Legwand.
17:39 of 2nd period - Milan Hejduk is hit by Colin White and loses puck.
17:46 of 2nd period - Braydon Coburn is hit by Jason Allison and loses puck.
17:57 of 2nd period - Snap shot by Evgeny Artyukhin.
17:57 of 2nd period - Shot Blocked by David Vyborny.
17:59 of 2nd period - Slapshot by Mathieu Schneider.
17:59 of 2nd period - Stopped by Ilya Bryzgalov with a rebound.
18:01 of 2nd period - Snap shot by Evgeny Artyukhin.
18:01 of 2nd period - Stopped by Ilya Bryzgalov without a rebound.
18:02 of 2nd period - Jason Arnott wins face-off versus Glen Metropolit in Jets zone.
18:23 of 2nd period - Jeff Schultz is hit by Mathieu Schneider and loses puck.
18:28 of 2nd period - Wrist shot by Glen Metropolit.
18:28 of 2nd period - Stopped by Ilya Bryzgalov with a rebound.
18:46 of 2nd period - Snap shot by Keith Tkachuk.
18:46 of 2nd period - Shot Blocked by Jan Hlavac.
19:06 of 2nd period - Wrist shot by Adam Burish.
19:06 of 2nd period - Stopped by Pascal Leclaire without a rebound.
19:07 of 2nd period - Mike Modano wins face-off versus Jason Allison in Stars zone.
19:12 of 2nd period - Snap shot by Patrik Elias.
19:12 of 2nd period - Stopped by Ilya Bryzgalov with a rebound.
19:14 of 2nd period - Wrist shot by Milan Hejduk.
19:14 of 2nd period - Deflect By Patrik Elias.
19:14 of 2nd period - Stopped by Ilya Bryzgalov with a rebound.
19:52 of 2nd period - Minor Penalty to Mike Leclerc for Interference.
19:53 of 2nd period - Jason Arnott wins face-off versus David Legwand in Jets zone.

3rd period


0:01 of 3rd period - David Legwand wins face-off versus Jason Arnott in neutral zone.
0:04 of 3rd period - Wrist shot by Alexei Morozov.
0:04 of 3rd period - Stopped by Ilya Bryzgalov with a rebound.
0:06 of 3rd period - Snap shot by David Legwand.
0:06 of 3rd period - Deflect By Alexei Morozov.
0:06 of 3rd period - Shot Blocked by Dmitri Kalinin.
0:06 of 3rd period - Puck is out of play.
0:07 of 3rd period - David Legwand wins face-off versus Jason Arnott in Jets zone.
0:08 of 3rd period - Wrist shot by Alexei Morozov.
0:08 of 3rd period - Deflect By David Legwand.
0:08 of 3rd period - Shot Misses the Net.
0:08 of 3rd period - Puck is out of play.
0:09 of 3rd period - David Legwand wins face-off versus Jason Arnott in Jets zone.
0:52 of 3rd period - Colin White is hit by Patrik Elias and loses puck.
1:49 of 3rd period - Matthew Spiller is hit by Tuomo Ruutu and loses puck.
1:52 of 3rd period - Penalty to Mike Leclerc is over, Mike Leclerc is back on ice.
2:16 of 3rd period - Slapshot by Niklas Kronwall.
2:16 of 3rd period - Stopped by Pascal Leclaire with a rebound.
2:18 of 3rd period - Slapshot by Colin White.
2:18 of 3rd period - Deflect By Tuomo Ruutu.
2:18 of 3rd period - Stopped by Pascal Leclaire with a rebound.
2:22 of 3rd period - Slapshot by Keith Tkachuk.
2:22 of 3rd period - Shot Blocked by Braydon Coburn.
2:32 of 3rd period - Snap shot by Cory Stillman.
2:32 of 3rd period - Deflect By Keith Tkachuk.
2:32 of 3rd period - Shot Blocked by Keith Tkachuk.
2:32 of 3rd period - Puck is out of play.
2:33 of 3rd period - Mike Modano wins face-off versus Jason Allison in Jets zone.
2:42 of 3rd period - Snap shot by Shane Doan.
2:42 of 3rd period - Stopped by Pascal Leclaire without a rebound.
2:43 of 3rd period - Jason Allison wins face-off versus Mike Modano in Stars zone.
3:02 of 3rd period - Wrist shot by Benoit Pouliot.
3:02 of 3rd period - Shot Misses the Net.
3:04 of 3rd period - Slapshot by Shane Doan.
3:04 of 3rd period - Shot Misses the Net.
3:06 of 3rd period - Wrist shot by Shane Doan.
3:06 of 3rd period - Shot Blocked by Tim Ramholt.
3:08 of 3rd period - Slapshot by Colin White.
3:08 of 3rd period - Stopped by Pascal Leclaire with a rebound.
3:10 of 3rd period - Slapshot by Colin White.
3:10 of 3rd period - Deflect By Mike Modano.
3:10 of 3rd period - Stopped by Pascal Leclaire without a rebound.
3:11 of 3rd period - Steve Rucchin wins face-off versus Adam Burish in Stars zone.
4:25 of 3rd period - Snap shot by Tuomo Ruutu.
4:25 of 3rd period - Deflect By David Vyborny.
4:25 of 3rd period - Shot Blocked by Tim Ramholt.
4:25 of 3rd period - Puck is out of play.
4:26 of 3rd period - David Legwand wins face-off versus Tuomo Ruutu in Stars zone.
4:26 of 3rd period - David Legwand is hit by Dmitri Kalinin.
4:55 of 3rd period - Icing by David Legwand.
4:56 of 3rd period - Jason Arnott wins face-off versus David Legwand in Stars zone.
5:09 of 3rd period - Snap shot by Adam Burish.
5:09 of 3rd period - Shot Misses the Net.
5:41 of 3rd period - Snap shot by Jason Allison.
5:41 of 3rd period - Stopped by Pascal Leclaire with a rebound.
5:43 of 3rd period - Slapshot by Pavel Kubina.
5:43 of 3rd period - Shot Misses the Net.
5:45 of 3rd period - Slapshot by Pavel Kubina.
5:45 of 3rd period - Stopped by Pascal Leclaire without a rebound.
5:46 of 3rd period - Jason Arnott wins face-off versus Mike Modano in Stars zone.
6:07 of 3rd period - Matthew Spiller is hit by Bryce Salvador and loses puck.
7:23 of 3rd period - Milan Hejduk is hit by Adam Burish and loses puck.
7:44 of 3rd period - Wrist shot by Mike Modano.
7:44 of 3rd period - Shot Misses the Net.
7:46 of 3rd period - Snap shot by Milan Hejduk.
7:46 of 3rd period - Stopped by Ilya Bryzgalov with a rebound.
7:48 of 3rd period - Slapshot by Matthew Spiller.
7:48 of 3rd period - Shot Blocked by Keith Tkachuk.
8:14 of 3rd period - Snap shot by Mike Modano.
8:14 of 3rd period - Stopped by Ilya Bryzgalov without a rebound.
8:15 of 3rd period - Jason Allison wins face-off versus David Legwand in Jets zone.
8:15 of 3rd period - Jason Allison is hit by David Legwand.
8:41 of 3rd period - Pierre Dagenais is hit by Jeff Schultz and loses puck.
9:08 of 3rd period - Slapshot by Evgeny Artyukhin.
9:08 of 3rd period - Stopped by Ilya Bryzgalov with a rebound.
9:10 of 3rd period - Snap shot by Randy Jones.
9:10 of 3rd period - Stopped by Ilya Bryzgalov with a rebound.
9:36 of 3rd period - Braydon Coburn is hit by Darroll Powe and loses puck.
10:08 of 3rd period - David Legwand is hit by Jussi Jokinen.
10:22 of 3rd period - Cory Stillman is hit by Niklas Kronwall and loses puck.
10:49 of 3rd period - Martin Erat is hit by Cory Stillman and loses puck.
11:41 of 3rd period - Icing by Randy Jones.
11:42 of 3rd period - Benoit Pouliot wins face-off versus David Legwand in Stars zone.
12:19 of 3rd period - Marcus Nilson is hit by Mike Leclerc and loses puck.
12:23 of 3rd period - Minor Penalty to Steve Rucchin for High sticking.
12:24 of 3rd period - Mike Modano wins face-off versus Jason Allison in Stars zone.
14:03 of 3rd period - Jason Allison is hit by Matthew Spiller and loses puck.
14:23 of 3rd period - Penalty to Steve Rucchin is over, Steve Rucchin is back on ice.
14:33 of 3rd period - Snap shot by David Vyborny.
14:33 of 3rd period - Deflect By Mike Leclerc.
14:33 of 3rd period - Shot Blocked by Tim Ramholt.
14:33 of 3rd period - Puck is out of play.
14:34 of 3rd period - Steve Rucchin wins face-off versus Tuomo Ruutu in Stars zone.
14:43 of 3rd period - Steve Rucchin is hit by David Vyborny and loses puck.
14:50 of 3rd period - Mike Leclerc is hit by Steve Rucchin and loses puck.
15:01 of 3rd period - Jussi Jokinen is hit by Milan Hejduk.
15:18 of 3rd period - Off-side.
15:19 of 3rd period - David Legwand wins face-off versus Jason Arnott in neutral zone.
15:52 of 3rd period - Backhand shot by Patrik Elias.
15:52 of 3rd period - Deflect By Milan Hejduk.
15:52 of 3rd period - Stopped by Ilya Bryzgalov without a rebound.
15:53 of 3rd period - Mike Modano wins face-off versus Darroll Powe in Jets zone.
16:08 of 3rd period - Snap shot by Martin Erat.
16:08 of 3rd period - Deflect By Milan Hejduk.
16:08 of 3rd period - Stopped by Pascal Leclaire without a rebound.
16:09 of 3rd period - David Legwand wins face-off versus Jason Arnott in Stars zone.
16:16 of 3rd period - Jason Arnott is hit by Cory Stillman and loses puck.
16:47 of 3rd period - Patrik Elias is hit by Darroll Powe and loses puck.
17:07 of 3rd period - Snap shot by Benoit Pouliot.
17:07 of 3rd period - Shot Blocked by Pierre Dagenais.
17:47 of 3rd period - Snap shot by Adam Burish.
17:47 of 3rd period - Shot Misses the Net.
17:49 of 3rd period - Snap shot by Adam Burish.
17:49 of 3rd period - Shot Blocked by Braydon Coburn.
17:51 of 3rd period - Snap shot by Adam Burish.
17:51 of 3rd period - Goal by Adam Burish - Jets : 2 - Stars : 1.
17:52 of 3rd period - Mike Modano wins face-off versus Darroll Powe in neutral zone.
18:54 of 3rd period - Tim Ramholt is hit by Keith Tkachuk and loses puck.
19:07 of 3rd period - Stars, Pascal Leclaire is pulled from the net.
19:29 of 3rd period - Slapshot by David Legwand.
19:29 of 3rd period - Stopped by Ilya Bryzgalov without a rebound.
19:30 of 3rd period - Barry Trotz call a timeout for Stars.
19:30 of 3rd period - David Legwand wins face-off versus Adam Burish in Jets zone.
19:35 of 3rd period - Snap shot by Alexei Morozov.
19:35 of 3rd period - Stopped by Ilya Bryzgalov without a rebound.
19:36 of 3rd period - David Legwand wins face-off versus Jason Arnott in Jets zone.
19:55 of 3rd period - Snap shot by Cory Stillman.
19:55 of 3rd period - Shot Blocked by Jason Arnott.
19:57 of 3rd period - Wrist shot by Braydon Coburn.
19:57 of 3rd period - Shot Blocked by Adam Burish.
19:59 of 3rd period - Snap shot by Braydon Coburn.
19:59 of 3rd period - Stopped by Ilya Bryzgalov with a rebound.


Output by the SimonT Hockey Simulator (STHS) for François Prévost -- Original Page W3C XHTML 1.0 Valid
Hockey Simulator - Hockey Simulation - Hockey Manager